 Dungeon Crawl Stone Soup version 0.22-a0-246-gdc04c06d56 (webtiles) character file.

1355 MirrMurr the Vandal (level 8, -2/58 HPs)
             Began as a Spriggan Berserker on Feb 22, 2018.
             Was a Priest of Trog.
             Slain by Edmund
             ... wielding a +1 dire flail of draining
              (7 damage)
             ... on level 5 of the Dungeon.
             The game lasted 00:15:51 (6692 turns).

MirrMurr the Vandal (Spriggan Berserker)            Turns: 6692, Time: 00:15:52

Health: -2/58      AC:  5    Str: 20    XL:     8   Next: 37%
Magic:  9/9        EV: 22    Int:  8    God:    Trog [***...]
Gold:   248        SH:  0    Dex: 16    Spells: 7/7 levels left

rFire    . . .     SeeInvis +   a - +0 spear
rCold    + . .     Gourm    .   (shield restricted)
rNeg     . . .     Faith    .   o - +2 robe {rC+}
rPois    .         Spirit   .   (helmet restricted)
rElec    .         Reflect  .   p - +0 cloak
rCorr    .         Harm     .   (gloves unavailable)
MR       +....                  (boots unavailable)
Stlth    ..........             (no amulet)
HPRegen  0.19/turn              (no ring)
MPRegen  0.11/turn              (no ring)

@: berserking, drained, very quick
A: very small, unfitting armour, see invisible, herbivore, speed 3, slow
metabolism 2
a: Berserk, Trog's Hand, Renounce Religion


You were on level 5 of the Dungeon.
You worshipped Trog.
Trog was most pleased with you.
You were not hungry.

You visited 1 branch of the dungeon, and saw 5 of its levels.

You collected 248 gold pieces.

Inventory:

Hand Weapons
 a - a +0 spear (weapon)
 b - a +2 hunting sling
Missiles
 d - 199 stones
 e - 37 sling bullets
 f - 39 bolts
 h - 7 tomahawks (quivered)
 j - 31 arrows
 m - 11 poisoned needles
Armour
 o - a +2 robe of cold resistance (worn)
 p - a +0 cloak (worn)
Wands
 g - a wand of scattershot (4)
Scrolls
 r - a scroll of remove curse
Potions
 i - 3 potions of curing {unknown}
 l - 2 potions of flight
 n - a potion of agility
Comestibles
 c - 3 rations


   Skills:
 - Level 2.4(1.9) Fighting
 + Level 5.4(4.9) Polearms
 * Level 7.4(6.8) Slings
 + Level 7.2(6.6) Dodging
 + Level 3.4(2.9) Stealth


You had 7 spell levels left.
You didn't know any spells.

Dungeon Overview and Level Annotations

Branches:
Dungeon (5/15)
 Temple: D:4-7

Altars:
Trog

Annotations:
D:5 Dowan, Duvessa, Edmund, Eustachio


Innate Abilities, Weirdness & Mutations

You are very small and have problems with some larger weapons.
You are too small for most types of armour.
You have supernaturally acute eyesight. (SInv)
You are a herbivore.
You cover ground extremely quickly.
You need consume almost no food.


Message History

You are too injured to fight recklessly!
A red film seems to cover your vision as you go berserk!
You feel yourself moving faster!
You feel mighty!
You feel a lot more hungry.
Edmund hits you with a dire flail of draining!
* * * LOW HITPOINT WARNING * * *
You feel drained.
* * * LOW HITPOINT WARNING * * *
You puncture Edmund!
Edmund is heavily wounded.
You hit Edmund but do no damage.
Edmund is heavily wounded.
Edmund misses you.
You hit Edmund.
Edmund is severely wounded.
The scorpion stings you.
* * * LOW HITPOINT WARNING * * *
You hit Edmund but do no damage.
Edmund is severely wounded.
Edmund hits you with a dire flail of draining!
You die...

############
........##.### ###
........##.#.. ...
........##.#.# #.#
........##.#.# #.#
.....>..##.#.###.### #
W.......##.....#.#.##.##
........##.#...........#
.#########......@..##..
.# #...<.s@#.....#
.#########.##.##Y#.#....
........................
##########.##.#.........
.(.........##.#.........
...#.......##.#.........
.#(#....................
.#(####.......#.#.......


You could see Edmund, a sky beast and a scorpion.

Vanquished Creatures
  Grinder (D:3)
  Sigmund (D:3)
  The ghost of SnubMonkey the Bolt Thrower, an amateur KoHu (D:3)
  An ice beast (D:5)
  3 ogres
  2 howler monkeys (D:4)
  2 orc priests
  3 hounds
  3 orc wizards
  Crazy Yiuf (D:4)
  A bullfrog skeleton (D:4)
  Ijyb (D:3)
  A worker ant (D:3)
  A gnoll (D:1)
  4 adders
  A shadow imp (D:5)
  An ooze (D:3)
  An adder skeleton (D:4)
  4 leopard geckos
  12 orcs
  2 bats
  8 giant cockroaches
  12 hobgoblins
  2 quokkas
  A ball python (D:3)
  A ball python skeleton (D:4)
  5 frilled lizards
  6 goblins
  9 kobolds
  A leopard gecko skeleton (D:3)
  5 rats
97 creatures vanquished.

Vanquished Creatures (others)
  A wizard (D:3)
  A quokka (D:5)
2 creatures vanquished.

Grand Total: 99 creatures vanquished

Notes
Turn   | Place    | Note
-------+----------+-------------------------------------------
     0 | D:1      | MirrMurr the Spriggan Berserker began the quest for the Orb.
     0 | D:1      | Reached XP level 1. HP: 11/11 MP: 2/2
   181 | D:1      | Reached skill level 5 in Dodging
   181 | D:1      | Reached XP level 2. HP: 16/16 MP: 3/3
   778 | D:1      | Reached XP level 3. HP: 19/19 MP: 4/4
  1204 | D:2      | Reached ** piety under Trog
  2124 | D:3      | Noticed Ijyb
  2189 | D:2      | Reached XP level 4. HP: 23/23 MP: 5/5
  2214 | D:3      | Noticed SnubMonkey's ghost (amateur KoHu)
  2231 | D:3      | Killed SnubMonkey's ghost
  2231 | D:3      | Reached skill level 1 in Stealth
  2231 | D:3      | Reached XP level 5. HP: 26/27 MP: 6/6
  2344 | D:3      | Killed Ijyb
  2844 | D:3      | Noticed Sigmund
  2857 | D:3      | Reached XP level 6. HP: 32/32 MP: 7/7
  2859 | D:3      | Killed Sigmund
  2859 | D:3      | Reached skill level 5 in Polearms
  3340 | D:3      | Found a bloodstained altar of Trog.
  3343 | D:3      | Noticed a wizard
  3349 | D:3      | Killed a wizard
  3519 | D:3      | Reached *** piety under Trog
  3911 | D:4      | Reached skill level 1 in Slings
  3911 | D:4      | Reached XP level 7. HP: 32/35 MP: 8/8
  4311 | D:4      | Noticed Grinder
  4359 | D:3      | Killed Grinder
  4600 | D:4      | Reached skill level 5 in Slings
  5329 | D:4      | Reached XP level 8. HP: 39/39 MP: 9/9
  5394 | D:4      | Found a runed door.
  5879 | D:4      | Noticed Crazy Yiuf
  5892 | D:4      | Killed Crazy Yiuf
  6218 | D:5      | Entered Level 5 of the Dungeon
  6352 | D:5      | Noticed Eustachio
  6355 | D:5      | Noticed Edmund
  6493 | D:5      | Noticed Duvessa
  6494 | D:5      | Noticed Dowan
  6692 | D:5      | Slain by Edmund

Vault maps used:
D:1:      dpeg_arrival_concentric_ovals
D:2:      interstate_on_off
D:3:      first_ration, minmay_misc_feat_iff, trog_wizard, uniq_sigmund,
          uniq_ijyb
D:4:      uniq_grinder, uniq_crazy_yiuf_cottage
D:5:      elyvilon_altar_4, minmay_temple_entry_fiery, uniq_prince_ribbit1,
          uniq_pikel, uniq_edmund, uniq_duvessa, uniq_eustachio

Skill      XL: |  1  2  3  4  5  6  7  8 |
---------------+-------------------------+-----
Dodging        | 5 6 7 |  7.2
Polearms       | 3 4 5 |  5.4
Stealth        | 1 2 3 |  3.4
Slings         | 1 5 7 |  7.4
Fighting       | |  2.4

Action                   |  1- 3 |  4- 6 |  7- 9 || total
-------------------------+-------+-------+-------++-------
Melee: Spear             |   165 |   157 |   181 ||   503
 Fire: Hunting sling     |       |    32 |    92 ||   124
Throw: Stone             |     1 |       |       ||     1
       Tomahawk          |     7 |       |       ||     7
Invok: Berserk           |       |     3 |     3 ||     6
       Trog's Hand       |       |     1 |     1 ||     2
  Use: Scroll            |     7 |     1 |     3 ||    11
 Stab: Sleeping          |     1 |     1 |       ||     2
       Distracted        |       |     1 |     1 ||     2
  Eat: Ration            |       |     2 |     3 ||     5
Armor: Animal skin       |     6 |     1 |       ||     7
       Robe              |       |     5 |    15 ||    20
Dodge: Dodged            |    50 |   109 |   163 ||   322

Table legend:
 A = Spawn XP
 B = Non-spawn XP
 C = Spawn XP percentage of total XP
 D = Spawn monster count
 E = Non-spawn monster count
 F = Spawn count percentage of total count
 G = Total turns spent on level
                    A         B        C        D         E        F      G
               +---------+---------+-------+---------+---------+-------+---------
         Total |       0 |    1936 |   0.0 |       0 |      97 |   0.0 |  6692
               +---------+---------+-------+---------+---------+-------+---------
           D:1 |       0 |      41 |   0.0 |       0 |      17 |   0.0 |   947
           D:2 |       0 |      57 |   0.0 |       0 |      18 |   0.0 |  1573
           D:3 |       0 |     961 |   0.0 |       0 |      38 |   0.0 |  1770
           D:4 |       0 |     611 |   0.0 |       0 |      18 |   0.0 |  2020
           D:5 |       0 |     266 |   0.0 |       0 |       6 |   0.0 |   382
               +---------+---------+-------+---------+---------+-------+---------
